cohdb
Replays
Latest Replays
All Replays
Popular Replays
Top Player Replays
Match Explorer
How It Works
Community
CoH3 Stats
Reddit
Sign in to upload your games and track your stats! →
Sign in with Steam
Match 41523922
Unlisted
Match 41523922
Overview
Messages
Build Orders
End
Panzergrenadier Squad
Panzergrenadier Squad
Panzergrenadier Squad
Construct Light Support Kompanie
2.5-tonne Medical Truck
Fire Support Elements
Veteran Squad Leaders
Selects Panzerjäger Kommand Battlegroup
Selects Mine Fields
Selects Defensive Positions
Construct Mechanized Kompanie
StuG III D Assault Gun
Panzergrenadier Squad
Selects Butterfly Bomb Drop
Butterfly Bomb Drop
Rapid Advance
Tungsten Core Ammunition
Marder III Tank Destroyer
StuG III D Assault Gun
Selects Tank Busters
Butterfly Bomb Drop
le.IG 18 Mechanized Group
Butterfly Bomb Drop
Dummy
Butcher RSK
Bloodlord
OSGDetlef
Valten
HAWK565
SneaKerz
gb_gbg
0
0
Comments
sign in to comment!
No comments posted yet!